 Dungeon Crawl Stone Soup version 0.23.2-30-g0e89c35649 (webtiles) character file.

Game seed: 4127587696054474777

125 funkygono the Conjurer (level 4, -1/30 HPs)
             Began as a Demonspawn Conjurer on June 21, 2019.
             Slain by an orc wizard
             ... wielding a +0 dagger
              (2 damage)
             ... on level 3 of the Dungeon.
             The game lasted 00:09:03 (2966 turns).

funkygono the Conjurer (Demonspawn Conjurer)        Turns: 2966, Time: 00:09:05

Health: -1/30      AC:  5    Str:  8    XL:     4   Next: 82%
Magic:  0/8        EV: 12    Int: 23    God:
Gold:   102        SH:  0    Dex: 13    Spells: 3/9 levels left

rFire    . . .     SeeInvis .   i - +1 mace
rCold    + . .     Gourm    .   (no shield)
rNeg     . . .     Faith    .   a - +1 robe
rPois    .         Spirit   +   (no helmet)
rElec    .         Reflect  .   (no cloak)
rCorr    .         Harm     .   (no gloves)
MR       .....                  e - +1 pair of boots
Stlth    +.........             (no amulet)
HPRegen  0.10/turn              k - ring of ice
MPRegen  0.11/turn              (no ring)

@: confused, brilliant
A: talons 1, fire resistance 1, magic shield
a: no special abilities


You were on level 3 of the Dungeon.
You were not hungry.

You visited 1 branch of the dungeon, and saw 3 of its levels.

You collected 102 gold pieces.

Inventory:

Hand Weapons
 i - a +1 mace (weapon)
Missiles
 g - 121 stones (quivered)
Armour
 a - a +1 robe (worn)
 e - a +1 pair of boots (worn)
Jewellery
 k - a ring of ice (left hand)
Scrolls
 d - a scroll of enchant armour
 l - a scroll of teleportation
 m - a scroll of remove curse
 o - 2 scrolls of fog
Potions
 n - a potion of resistance {unknown}
Comestibles
 c - 7 rations
 f - 6 chunks of flesh


   Skills:
 + Level 0.1 Fighting
 + Level 0.1 Maces & Flails
 * Level 0.2 Armour
 + Level 2.1 Dodging
 + Level 2.3 Stealth
 * Level 3.1 Spellcasting
 + Level 5.0 Conjurations


You had 3 spell levels left.
You knew the following spells:

 Your Spells              Type           Power        Failure   Level  Hunger
a - Magic Dart            Conj           ####         1%          1    None
b - Searing Ray           Conj           #####.       1%          2    ##.....
c - Dazzling Spray        Conj/Hex       ####..       1%          3    ###....

Your spell library contained the following spells:

 Spells                   Type           Power        Failure   Level  Hunger
 Confusing Touch          Hex            ###...       1%          1    None
 Confuse                  Hex            ###.....     4%          3    ###....
 Gell's Gravitas          Tloc           ###.......   4%          3    ###....
 Iskenderun's Mystic Bla  Conj           #####...     1%          4    ####...
 Force Lance              Conj/Tloc      ####....     4%          4    ####...
 Fulminant Prism          Conj/Hex       ####......   4%          4    ####...
 Petrify                  Tmut/Erth      ###.....     13%         4    ####...
 Metabolic Englaciation   Hex/Ice        ####......   30%         5    ######.
 Yara's Violent Unravell  Hex/Tmut       ###.......   30%         5    ######.


Dungeon Overview and Level Annotations

Branches:
Dungeon (3/15)

Altars:


Innate Abilities, Weirdness & Mutations

You have sharp toenails.
Your flesh is heat resistant. (rF+)
When hurt, damage is shared between your health and your magic reserves.


Message History

You completely miss something.
You feel less wooden.
Your +1 pair of boots unmelds from your body.
Your +1 robe unmelds from your body.
Something hits you.
You're too confused to attack without stumbling around!
You bump into the rock wall.
Something hits you.
You barely miss something. Something completely misses you.
You hear some strange, mumbled words.
Something tries to affect you, but you resist.
You miss something. Something hits you but does no damage.
You closely miss something. Something hits you.
* * * LOW HITPOINT WARNING * * *
Okay, then.
You miss something.
You hear some strange, mumbled words.
A magic dart appears from out of thin air!
The magic dart hits you!
* * * LOW HITPOINT WARNING * * *
Something hits you.
You die...

### #.# #.. #.# #.# #.#
#.#########.#
######.#......##.#
#g{@......###.##.# ###
#o###.....###.##.###
...#)#...........##....
#####.#o#.##........##....
#.........................
#.###.#.#...<#.########...
#.........%..#.# ########
#............#.####.....##
.>........................


You could see an orc and a hobgoblin.

Vanquished Creatures
  Terence (D:2)
  An adder (D:2)
  A worm (D:2)
  A dart slug (D:1)
  A leopard gecko (D:1)
  9 orcs (D:3)
  2 giant cockroaches
  15 goblins
  12 hobgoblins
  A quokka (D:2)
  A ball python (D:2)
  9 bats
  2 frilled lizards
  11 kobolds
  4 rats
71 creatures vanquished.

Notes
Turn   | Place    | Note
-------+----------+-------------------------------------------
     0 | D:1      | funkygono the Demonspawn Conjurer began the quest for the
                  | Orb.
     0 | D:1      | Reached XP level 1. HP: 13/13 MP: 3/3
   399 | D:1      | Gained mutation: You have sharp toenails. [demonic
                  | ancestry]
   399 | D:1      | Reached XP level 2. HP: 14/19 MP: 0/5
   406 | D:1      | Learned a level 2 spell: Searing Ray
   998 | D:1      | Gained mutation: Your flesh is heat resistant. (rF+)
                  | [demonic ancestry]
   998 | D:1      | Reached XP level 3. HP: 24/24 MP: 1/6
  1056 | D:1      | Learned a level 3 spell: Dazzling Spray
  1509 | D:2      | Noticed Terence
  1539 | D:2      | Killed Terence
  1539 | D:2      | Gained mutation: When hurt, damage is shared between your
                  | health and your magic reserves. [demonic ancestry]
  1539 | D:2      | Reached XP level 4. HP: 10/30 MP: 0/8
  2320 | D:3      | Reached skill level 5 in Conjurations
  2966 | D:3      | HP: 1/30 [something/magic dart (8)]
  2966 | D:3      | Slain by an orc wizard

Skill      XL: |  1  2  3  4 |
---------------+-------------+-----
Stealth        | 2 |  2.3
Dodging        | 2 |  2.1
Spellcasting   | 3 |  3.1
Conjurations   | 5 |  5.0
Fighting       | |  0.1
Maces & Flails | |  0.1
Armour         | |  0.2

Action                   |  1- 3 |  4- 6 || total
-------------------------+-------+-------++-------
Melee: Unarmed           |    13 |       ||    13
       Club              |     7 |       ||     7
       Mace              |    19 |    28 ||    47
 Cast: Magic Dart        |    58 |    58 ||   116
       Searing Ray       |     2 |     2 ||     4
       Dazzling Spray    |     1 |     4 ||     5
  Use: Scroll            |     5 |     2 ||     7
       Potion            |       |     3 ||     3
 Stab: Sleeping          |     1 |       ||     1
  Eat: Chunk             |     3 |     5 ||     8
Armor: Robe              |    17 |     4 ||    21
       Skin              |       |    16 ||    16
Dodge: Dodged            |    36 |     9 ||    45
